 Dungeon Crawl Stone Soup version 0.17-a0-1634-g6672d08 (webtiles) character file.

809 Geomchi the Charmwright (level 7, 0/36 HPs)
             Began as a Deep Elf Conjurer on Aug 4, 2015.
             Was a Follower of Vehumet.
             Slain by Geomchi's ghost (11 damage)
             ... on level 5 of the Dungeon.
             The game lasted 00:09:28 (6438 turns).

Geomchi the Charmwright (Deep Elf Conjurer)         Turns: 6438, Time: 00:09:28

Health: 0/36       AC:  2    Str:  5    XL:     7   Next: 61%
Magic:  1/17       EV: 20    Int: 22    God:    Vehumet [*.....]
Gold:   206        SH:  0    Dex: 15    Spells: 3 memorised, 7 levels left

rFire  . . .     SeeInvis .     e - +2 dagger (venom)
rCold  . . .     Clarity  .     a - +0 robe
rNeg   . . .     SustAt   .     (no shield)
rPois  .         Gourm    .     (no helmet)
rElec  .         Spirit   .     (no cloak)
rCorr  .         Warding  .     (no gloves)
rMut   .         Stasis   .     (no boots)
MR     .....                    (no amulet)
Stlth  ++........               (no ring)
                                j - +6 ring of evasion

@: very slightly contaminated, hasted (expiring), very quick, not resistant to
hostile enchantments, unstealthy
A: no striking features
a: Renounce Religion


You were on level 5 of the Dungeon.
You worshipped Vehumet.
Vehumet was aware of your devotion.
You were not hungry.

You visited 1 branch of the dungeon, and saw 5 of its levels.

You collected 206 gold pieces.

Inventory:

Hand weapons
 e - a +2 dagger of venom (weapon)
Armour
 a - a +0 robe (worn)
 w - the +2 ring mail of Sobbe {MP+9 Str-2 Int+11 Dex-2}
   (You found it on level 4 of the Dungeon)

   It affects your strength (-2).
   It affects your intelligence (+11).
   It affects your dexterity (-2).
   It affects your magic capacity (+9).
Jewellery
 j - a +6 ring of evasion (left hand)
Magical devices
 o - a wand of cold (7)
 p - a wand of magic darts (14)
 u - a wand of polymorph (4)
Scrolls
 h - a scroll of blinking {unknown}
 i - 2 scrolls of recharging
 q - a scroll of magic mapping
 r - a scroll of noise
 s - a scroll of fog {unknown}
 v - a scroll of remove curse {unknown}
Potions
 d - a potion of curing
 g - a potion of might
 x - 2 potions of lignification {unknown}
 z - a potion of brilliance {unknown}
Books
 b - a book of Conjurations

   Spells                             Type                      Level
   a - Magic Dart                     Conjuration                  1
   b - Searing Ray                    Conjuration                  2
   c - Dazzling Spray                 Conjuration/Hexes            3
   d - Fulminant Prism                Conjuration/Hexes            4
   e - Iskenderun's Mystic Blast      Conjuration                  4
   f - Iskenderun's Battlesphere      Conjuration/Charms           5
Comestibles
 c - 2 bread rations {@e1}
 f - a royal jelly
 k - a meat ration {@e2}
 l - 2 fruits


   Skills:
 + Level 1.8 Armour
 + Level 4.0 Dodging
 - Level 2.4 Stealth
 - Level 5.8 Spellcasting
 - Level 6.4 Conjurations
 - Level 7.1 Charms


You had 7 spell levels left.
You knew the following spells:

 Your Spells              Type           Power        Failure   Level  Hunger
a - Magic Dart            Conj           ####         1%          1    None
b - Iskenderun's Mystic   Conj           ####....     10%         4    ####...
m - Iskenderun's Battles  Conj/Chrm      #####...     17%         5    #####..


Dungeon Overview and Level Annotations

Branches:
Dungeon (5/15)
 Temple: D:4-7

Altars:
Ashenzari
Fedhas
Gozag
Okawaru
Sif Muna
Vehumet

Shops:
D:2 *

Annotations:
D:2 Terence
D:5 Geomchi's ghost, average GrAK


Message History

You hit Geomchi's ghost but do no damage.
You closely miss Geomchi's ghost. Geomchi's ghost hits you.
You take 4 damage, and have 16/36 hp.
You hit Geomchi's ghost but do no damage.
Geomchi's ghost completely misses you.
You hit Geomchi's ghost. You barely miss Geomchi's ghost.
Your extra speed is starting to run out.
Geomchi's ghost closely misses you.
You closely miss Geomchi's ghost. Geomchi's ghost completely misses you.
You hit Geomchi's ghost but do no damage.
You completely miss Geomchi's ghost. Geomchi's ghost hits you.
* * * LOW HITPOINT WARNING * * *
You take 6 damage, and have 10/36 hp.
You hit Geomchi's ghost but do no damage.
Geomchi's ghost misses you.
You hit Geomchi's ghost but do no damage.
You hit Geomchi's ghost but do no damage.
Geomchi's ghost hits you!
You die...

# #.##
###.#
#####
##s...#
## #.#
#W#
##...#
.## #.##
#.#
......
..####..#
#.#
...####
##......#
#.# ....#
###....##
#.###
.#..##
.##..###
##.s##
W###.
.)..##
###W# .#
## ..#..
#@# #####
### #


You could see a scorpion and Geomchi's ghost.

Vanquished Creatures
  The ghost of maddy the Magician, an average SpWz (D:4)
  An ogre (D:4)
  A scorpion (D:4)
  A crimson imp (D:4)
  A jelly (D:5)
  4 orc priests
  A hound (D:4)
  A worker ant (D:5)
  3 orc wizards (D:3)
  A hound skeleton (D:5)
  8 adders
  4 gnolls
  2 oozes
  2 worms
  3 giant geckos
  12 orcs
  4 giant cockroaches
  6 hobgoblins
  3 jackals (D:4)
  3 quokkas
  2 ball pythons
  6 bats
  5 giant newts
  7 goblins
  A jackal skeleton (D:4)
  11 kobolds
  5 rats
99 creatures vanquished.

Notes
Turn   | Place    | Note
--------------------------------------------------------------
     0 | D:1      | Geomchi the Deep Elf Conjurer began the quest for the Orb.
     0 | D:1      | Reached XP level 1. HP: 10/10 MP: 6/6
   409 | D:1      | Reached XP level 2. HP: 15/15 MP: 2/8
   708 | D:1      | Reached skill level 5 in Conjurations
   894 | D:1      | Reached XP level 3. HP: 19/19 MP: 2/10
  1263 | D:2      | Found an opulent altar of Gozag.
  1263 | D:2      | Found Gozag's Platinum Reserve.
  1940 | D:2      | Reached XP level 4. HP: 24/24 MP: 8/12
  2071 | D:2      | Noticed Terence
  2393 | D:3      | Found a radiant altar of Vehumet.
  2421 | D:3      | Became a worshipper of Vehumet
  2527 | D:3      | Found a shattered altar of Ashenzari.
  2531 | D:3      | Found an iron altar of Okawaru.
  2536 | D:3      | Found a deep blue altar of Sif Muna.
  2563 | D:3      | Reached skill level 5 in Spellcasting
  2907 | D:3      | Reached skill level 6 in Conjurations
  2907 | D:3      | Reached XP level 5. HP: 28/28 MP: 5/14
  2993 | D:3      | Learned a level 5 spell: Iskenderun's Battlesphere
  3018 | D:3      | HP: 1/28 [orc priest/whip (7)]
  3671 | D:3      | Reached XP level 6. HP: 27/32 MP: 10/15
  4025 | D:4      | Found a blossoming altar of Fedhas.
  4186 | D:4      | Noticed maddy's ghost (average SpWz)
  4191 | D:4      | Killed maddy's ghost
  4337 | D:4      | Reached XP level 7. HP: 36/36 MP: 7/17
  4532 | D:4      | Reached skill level 7 in Charms
  4640 | D:4      | Got a brightly glowing ring mail
  4651 | D:4      | Identified the +2 ring mail of Sobbe {MP+9 Str-2 Int+11 Dex-2} (You found it on level 4 of the Dungeon)
  4989 | D:4      | Acquired Vehumet's first power
  4989 | D:4      | Offered knowledge of Freeze by Vehumet.
  5358 | D:4      | Reached skill level 1 in Armour
  5625 | D:5      | Entered Level 5 of the Dungeon
  5953 | D:5      | Learned a level 4 spell: Iskenderun's Mystic Blast
  6045 | D:5      | Noticed Geomchi's ghost (average GrAK)
  6438 | D:5      | Slain by Geomchi's ghost

Vault maps used:
D:1:      dpeg_arrival_oval
D:2:      first_bread, nicolae_gozag_zags_fifth_avenue, uniq_terence
D:3:      minmay_overflow_temple_star_quad, vehumet_altar_wand_db
D:4:      fedhas_altar_2
D:5:      kennysheep_kobold_camp, eino_small_chamber_without_monster,
          uniq_menkaure

Action                   |  1- 3 |  4- 6 |  7- 9 || total
-------------------------+-------+-------+-------++-------
Melee: Dagger            |     1 |     4 |    12 ||    17
 Cast: Magic Dart        |    87 |   138 |    56 ||   281
       Iskenderun's Batt |       |     2 |     9 ||    11
Evoke: Wand              |       |       |     1 ||     1
  Use: Potion            |       |     1 |     2 ||     3
       Scroll            |       |       |     9 ||     9
  Eat: Chunk             |     2 |     7 |     5 ||    14
       Meat ration       |       |       |     1 ||     1
       Bread ration      |       |       |     1 ||     1
